AoeStats
← PhireXPpL

Arabia

509454739Analyzed
1v1 RM · 7d ago on Sep 26, 2026· 37m 19s· 2 players
Game mode
Random Map
Map size
Tiny (2 player)
Population
200
Speed
Normal
Resources
Standard
Victory
Conquest
Starting age
Dark Age
Ending age
Imperial Age
RankedLock teamsTeams togetherTeam positionsShared explorationLock speedFull tech treeHidden civsTurbo modeCheats
Victory
Defeat
🇧🇷 Franks · Brazil
921
+18
🇦🇷 Mongols · Argentina
962
-18
rodriguezbarrios.m
6:16 Loom
8:50 Feudal Age
17:17 Double-Bit Axe
20:51 Wheelbarrow
24:28 Castle Age
24:17 Horse Collar
25:02 Bloodlines
27:44 Scale Barding Armor
27:43 Fletching
30:39 Thumb Ring
32:11 Forging
32:17 Bow Saw
32:41 Bodkin Arrow
PhireXPpL
6:50 Loom
10:06 Feudal Age
15:24 Double-Bit Axe
19:16 Scale Barding Armor
24:05 Castle Age
22:20 Gold Mining
23:46 Scale Barding Armor
24:53 Husbandry
27:04 Bow Saw
29:05 Wheelbarrow
30:24 Town Watch
30:51 Ordonnance Companies
35:34 Chain Barding Armor
36:09 Forging
Connection lost

Rejoining the realm…

Still unreachable

The connection could not be restored.

Session expired

The server has moved on; the page needs a fresh start.